 Dungeon Crawl Stone Soup version 0.29.1-2-gbd0b4ee654 (webtiles) character file.

Game seed: 57149527639774205

45734 raph the Geomancer (level 14, -13/113 HPs)
             Began as a Grey Draconian Venom Mage on Nov 3, 2022.
             Was an Elder of Sif Muna.
             Mangled by an orc knight
             ... wielding a +1 halberd
              (26 damage)
             ... on level 2 of the Orcish Mines.
             The game lasted 00:43:20 (28972 turns).

raph the Geomancer (Grey Draconian Venom Mage)     Turns: 28972, Time: 00:43:21

Health: -13/113    AC: 22    Str: 11    XL:     14   Next: 2%
Magic:  6/27       EV: 14    Int: 20    God:    Sif Muna [****..]
Gold:   861        SH:  5    Dex: 12    Spells: 8/31 levels left

rFire   . . .      SeeInvis +   b - +3 scimitar (flame)
rCold   . . .      Faith    .   (no shield)
rNeg    + . .      Spirit   .   (body armour unavailable)
rPois   +          Reflect  +   (helmet restricted)
rElec   .          Harm     .   p - +2 cloak {Stlth+}
rCorr   .          Rampage  .   E - +2 pair of gloves "Sovuz" {rN+ Regen+ SInv}
Will    +....                   t - +2 pair of boots
Stlth   +++.......              u - amulet of reflection
HPRegen 1.08/turn               P - ring of poison resistance
MPRegen 0.20/turn               (no ring)

@: very slightly contaminated
A: AC +13, amphibious, unfitting armour, cold-blooded
a: Renounce Religion, Channel Magic, Forget Spell, Divine Exegesis


You were on level 2 of the Orcish Mines.
You worshipped Sif Muna.
Sif Muna was greatly pleased with you.
You visited 5 branches of the dungeon, and saw 20 of its levels.
You also visited: Volcano.

You collected 1369 gold pieces.
You spent 508 gold pieces at shops.

Inventory:

Hand Weapons
 a - a +4 vorpal great sword
 b - a +3 scimitar of flaming (weapon)
 g - a +1 vorpal short sword
 S - a +0 dagger
 Y - the +6 sling of Disbelieving Execution {freeze, Drain rF+ Will+}
   (You found it on level 5 of the Lair of Beasts)

   Any ammunition fired from it freezes those it strikes, dealing additional
   cold damage.
   It can also slow down cold-blooded creatures.
   rF:        It protects you from fire.
   Drain:     It drains your maximum health when unequipped.
   Will:      It increases your willpower.
Missiles
 e - 43 poisoned darts
 f - 6 atropa-tipped darts
 i - 9 boomerangs
 m - 4 silver javelins
 B - a throwing net
Armour
 p - a +2 cloak of stealth (worn)
 t - a +2 pair of boots (worn)
 E - the +2 pair of gloves "Sovuz" (worn) {rN+ Regen+ SInv}
   (You bought it in a shop on level 2 of the Dungeon)

   rN:        It protects you from negative energy.
   SInv:      It lets you see invisible.
   Regen:     It increases your rate of health regeneration.
Magical Staves
 V - a staff of earth
Jewellery
 r - a ring of ice
 u - an amulet of reflection (around neck)
 y - a ring of flight
 A - an amulet of magic regeneration
 F - a ring of ice
 L - a ring of see invisible
 P - a ring of poison resistance (left hand)
Wands
 j - a wand of iceblast (23)
 l - a wand of acid (2)
 x - a wand of charming (8)
 U - a wand of mindburst (6)
Scrolls
 d - 5 scrolls of teleportation
 s - a scroll of fog
 G - 3 scrolls of amnesia
 K - a scroll of enchant armour
 O - 6 scrolls of identify
 Q - a scroll of fear
 R - a scroll of poison
 T - a scroll of silence
 W - 2 scrolls of enchant weapon
 X - a scroll of summoning
Potions
 c - 6 potions of flight
 h - a potion of ambrosia
 k - 5 potions of invisibility
 n - 5 potions of attraction
 o - 3 potions of mutation
 q - 9 potions of curing
 v - 4 potions of lignification
 w - 5 potions of haste
 z - 4 potions of might
 C - 2 potions of magic
 D - 3 potions of brilliance
 H - a potion of degeneration
 I - a potion of cancellation
 J - 3 potions of heal wounds
 M - 2 potions of resistance
 N - a potion of berserk rage


   Skills:
 + Level 7.4 Fighting
 + Level 6.4 Long Blades
 + Level 6.2 Dodging
 - Level 1.7 Stealth
 + Level 9.0 Spellcasting
 - Level 7.0 Conjurations
 + Level 9.0 Necromancy
 - Level 1.0 Transmutations
 + Level 13.0 Earth Magic
 + Level 11.1 Poison Magic
 + Level 6.6 Invocations


You had 8 spell levels left.
You knew the following spells:

 Your Spells              Type           Power      Damage    Failure   Level
a - Sting                 Tmut/Pois      100%       1d8       1%          1
b - Stone Arrow           Conj/Erth      98%        3d13      1%          3
c - Mephitic Cloud        Conj/Pois/Air  33%        N/A       1%          3
d - Olgreb's Toxic Radia  Pois           52%        N/A       1%          4
e - Sandblast             Erth           100%       2d20      1%          1
f - Flame Wave            Conj/Fire      23%        2d8       19%         4
g - Borgnjor's Vile Clut  Necr/Erth      26%        N/A       2%          5
h - Passwall              Tmut/Erth      30%        N/A       1%          2

Your spell library contained the following spells:

 Spells                   Type           Power      Damage    Failure   Level
 Foxfire                  Conj/Fire      92%        2x1d8     1%          1
 Poisonous Vapours        Pois/Air       62%        N/A       1%          2
 Petrify                  Tmut/Erth      37%        N/A       4%          4
 Conjure Flame            Conj/Fire      23%        6-21      5%          3
 Leda's Liquefaction      Hex/Erth       17%        N/A       5%          4
 Ensorcelled Hibernation  Hex/Ice        18%        N/A       12%         2
 Inner Flame              Hex/Fire       9%         N/A       22%         3
 Swiftness                Air            9%         N/A       22%         3
 Statue Form              Tmut/Erth      24%        N/A       54%         6
 Cause Fear               Hex            4%         N/A       58%         4
 Metabolic Englaciation   Hex/Ice        4%         N/A       91%         5
 Discord                  Hex            4%         N/A       100%        8
 Lehudib's Crystal Spear  Conj/Erth      24%        10d7      100%        8


Dungeon Overview and Level Annotations

Branches:
Dungeon (11/15)            Temple (1/1) D:6            Lair (5/5) D:11
  Swamp (0/4) Lair:2        Snake (1/4) Lair:3        Slime (0/5) Lair:4
    Orc (2/2) D:9         Volcano (visited)
    Elf: Orc:2

Altars:
Ashenzari
Cheibriados
Dithmenos
Elyvilon
Fedhas
Gozag
Hepliaklqana
Kikubaaqudgha
Makhleb
Nemelex Xobeh
Okawaru
Qazlal
Ru
Sif Muna
Trog
Uskayaw
Vehumet
Wu Jian
Xom
Yredelemnul
Zin
The Shining One
Jiyva

Shops:
D:1 [?   D:2 [   D:11 *   Orc:2 =

Portals:
Trove: D:11 (give +5 fire dragon scales)

Annotations:
D:7 4 runed translucent doors


Innate Abilities, Weirdness & Mutations

Your dull iron-grey scales are very hard. (AC +13)
You are amphibious.
You cannot fit into any form of body armour.
You are cold-blooded and may be slowed by cold attacks.


Message History

The orc knight completely misses you.
Casting: Flame Wave (dangerous; 19% risk of failure)
Confirm with . or Enter, or press ? or * to list all spells.
Casting: Flame Wave (dangerous; 19% risk of failure)
Press: ? - help, Dir - look around, f - activate You miscast Flame Wave.
Nothing appears to happen.
The orc wizard misses you. The orc knight closely misses you.
You feel less invigorated.
The orc wizard points at you and mumbles some strange words.
The magic dart hits you but does no damage.
The orc knight hits you from afar with a +1 halberd.
Casting: Flame Wave (dangerous; 19% risk of failure)
Confirm with . or Enter, or press ? or * to list all spells.
Casting: Flame Wave (dangerous; 19% risk of failure)
Press: ? - help, Dir - look around, f - activate A wave of flame ripples out!
The flame wave engulfs the orc wizard.
You kill the orc wizard!
Sif Muna accepts your kill. (Press . to intensify the flame waves.)
You hear a shout! x7
The orc knight barely misses you.
A wave of flame ripples out!
The flame wave engulfs the orc knight.
The orc knight is severely wounded.
You hear a shout! x5
The orc knight hits you from afar with a +1 halberd!!!
A wave of flame ripples out!
The flame wave engulfs the orc knight.
The orc knight is severely wounded.
You finish channelling waves of flame.
You hear a shout! x7
The orc knight hits you from afar with a +1 halberd!!
* * * LOW HITPOINT WARNING * * *
Casting: Flame Wave (dangerous; 19% risk of failure)
Confirm with . or Enter, or press ? or * to list all spells.
Aiming: Stone Arrow (safe; 1% risk of failure)
Press: ? - help, Shift-Dir - straight line, f - orc knight
Aim: an orc knight, wielding a +1 halberd and wearing a +0 chain mail (severely wounded, strong, poisoned, 73% to hit)
The stone arrow hits the orc knight but does no damage.
The orc knight is severely wounded.
The orc knight hits you from afar with a +1 halberd!!
You die...

..........$...
. .............
.. .#..........
... ........$..
.... ..........
.....#.).......
.......))....$.
..)..))@.......
...)...).......
)......o.......
########....∩..
)...... )......
..)..#. .....#


You could see an orc knight (strong, poisoned).

Vanquished Creatures
  Snorg (D:10)
  2 hydras (Lair:2)
  3 two-headed ogres
  3 catoblepae (Lair:5)
  8 death yaks (Lair:5)
  Urug (Lair:5)
  A hell knight (Volcano)
  3 orc knights
  3 manticores
  4 salamanders (Volcano)
  2 cyclopes (Volcano)
  A guardian serpent (Lair:3)
  3 gargoyles
  8 black mambas
  3 molten gargoyles (Volcano)
  2 unseen horrors
  13 cane toads
  A torpor snail (Lair:5)
  Maggie (D:6)
  An efreet (Volcano)
  10 komodo dragons
  A rime drake (Lair:1)
  2 polar bears
  5 trolls
  Prince Ribbit (D:6)
  7 blink frogs
  2 wyverns
  3 fire bats (Lair:4)
  41 yaks
  2 basilisks
  3 vampire mosquitoes (D:11)
  A swamp worm (Lair:2)
  5 acid dragons
  10 water moccasins
  Duvessa (D:5)
  9 orc warriors
  5 black bears
  A swamp drake (D:11)
  An ogre (D:4)
  2 wolves
  3 centaurs
  A phantom (D:7)
  2 kobold brigands
  A gnoll sergeant (D:10)
  2 scorpions
  18 bullfrogs
  7 wights
  Dowan (D:5)
  17 killer bees
  3 electric eels
  2 howler monkeys (D:7)
  A gnoll bouda (D:8)
  3 hounds
  4 jellies
  4 orc priests
  Crazy Yiuf (D:5)
  5 iguanas
  Natasha (thrice) (D:4)
  11 orc wizards
  6 adders
  8 gnolls
  2 white imps
  An ufetubus (D:4)
  2 worms
  4 dart slugs
  47 orcs
  7 endoplasms
  2 giant cockroaches (D:1)
  3 goblins
  5 hobgoblins
  3 jackals
  4 quokkas
  8 ball pythons
  5 bats
  A frilled lizard (D:1)
  16 kobolds
  2 rats
391 creatures vanquished.

Vanquished Creatures (others)
  A cyclops (Volcano)
  An orc wizard (D:6)
  17 fungi
  51 plants
70 creatures vanquished.

Grand Total: 461 creatures vanquished

Notes
Turn   | Place    | Note
-------+----------+-------------------------------------------
     0 | D:1      | raph the Draconian Venom Mage began the quest for the Orb.
     0 | D:1      | Reached XP level 1. HP: 14/14 MP: 3/3
   311 | D:1      | Found Bots's Magic Scroll Shoppe.
   474 | D:1      | Reached XP level 2. HP: 20/20 MP: 0/5
   531 | D:1      | Learned a level 2 spell: Poisonous Vapours
  1339 | D:1      | Found Qerrarghu's Antique Armour Boutique.
  1618 | D:2      | Reached XP level 3. HP: 21/26 MP: 1/6
  1622 | D:2      | Learned a level 3 spell: Mephitic Cloud
  2087 | D:1      | Bought a scroll of teleportation for 30 gold pieces
  2539 | D:2      | Found Cifi's Antique Armour Shoppe.
  2579 | D:2      | Reached skill level 1 in Conjurations
  2579 | D:2      | Reached XP level 4. HP: 19/33 MP: 0/7
  3240 | D:3      | Found a faded altar of an unknown god.
  3288 | D:3      | Reached skill level 5 in Poison Magic
  4432 | D:4      | Found a glowing silver altar of Zin.
  4443 | D:4      | Reached XP level 5. HP: 38/38 MP: 2/8
  4763 | D:4      | Noticed a black bear
  4773 | D:4      | Killed a black bear
  4774 | D:4      | Reached XP level 6. HP: 45/45 MP: 1/9
  5157 | D:4      | Learned a level 4 spell: Olgreb's Toxic Radiance
  5364 | D:4      | Noticed Natasha
  5371 | D:4      | Killed Natasha
  5724 | D:5      | Entered Level 5 of the Dungeon
  5741 | D:4      | Noticed Natasha
  5749 | D:4      | Killed Natasha
  5766 | D:4      | Noticed Natasha
  5774 | D:4      | Killed Natasha
  6063 | D:1      | Bought a glowing cloak for 150 gold pieces
  6210 | D:5      | Your scales start taking on a dull iron-grey colour.
  6210 | D:5      | Reached XP level 7. HP: 50/50 MP: 2/11
  6217 | D:5      | Learned a level 1 spell: Sandblast
  6608 | D:5      | Learned a level 3 spell: Stone Arrow
  6719 | D:5      | Noticed Duvessa
  6719 | D:5      | Noticed Dowan
  6738 | D:5      | Killed Duvessa
  6739 | D:5      | Reached skill level 1 in Earth Magic
  6761 | D:5      | Killed Dowan
  7210 | D:5      | Found a runed translucent door.
  7211 | D:5      | Noticed Crazy Yiuf
  7221 | D:5      | Killed Crazy Yiuf
  7384 | D:6      | Found a staircase to the Ecumenical Temple.
  7422 | Temple   | Entered the Ecumenical Temple
  7719 | Temple   | Became a worshipper of Sif Muna the Loreminder
  7739 | D:6      | Reached skill level 2 in Earth Magic
  7779 | D:6      | Noticed Prince Ribbit
  7798 | D:6      | Killed Prince Ribbit
  7799 | D:6      | Reached XP level 8. HP: 48/57 MP: 3/14
  8076 | D:6      | Reached skill level 3 in Earth Magic
  8226 | D:6      | Noticed Maggie
  8240 | D:6      | Killed Maggie
  8674 | D:7      | Reached skill level 4 in Earth Magic
  8712 | D:7      | Reached skill level 5 in Conjurations
  9038 | D:7      | Found a huge runed translucent gate.
  9038 | D:7      | Found a huge runed translucent gate.
  9038 | D:7      | Found a huge runed translucent gate.
  9038 | D:7      | Found a huge runed translucent gate.
  9038 | D:7      | Noticed a polar bear
  9038 | D:7      | Noticed a polar bear
  9040 | D:7      | Noticed a polar bear
  9041 | D:7      | Noticed a manticore
  9191 | D:7      | Found a hide-covered altar of Uskayaw.
  9434 | D:7      | Found a stormy altar of Qazlal.
  9435 | D:7      | Found an ancient bone altar of Kikubaaqudgha.
  9505 | D:7      | Found an opulent altar of Gozag.
  9704 | D:8      | Reached skill level 1 in Invocations
  9726 | D:8      | Reached XP level 9. HP: 62/62 MP: 7/16
  9800 | D:8      | Reached skill level 5 in Spellcasting
 10027 | D:8      | Reached * piety under Sif Muna
 10174 | D:8      | Reached skill level 5 in Earth Magic
 10549 | D:8      | Reached skill level 6 in Earth Magic
 10948 | D:2      | Bought a pair of shimmering gloves for 228 gold pieces
 10948 | D:2      | Identified the +2 pair of gloves "Sovuz" {rN+ Regen+ SInv}
                  | (You bought it in a shop on level 2 of the Dungeon)
 11022 | D:1      | Bought a scroll of identify for 20 gold pieces
 11227 | D:9      | Reached skill level 10 in Poison Magic
 11285 | D:9      | Noticed a two-headed ogre
 11309 | D:9      | Killed a two-headed ogre
 11310 | D:9      | Reached XP level 10. HP: 58/69 MP: 2/18
 11601 | D:9      | HP: 3/69 [acid dragon/splash of acid (36)]
 11796 | D:9      | Found a staircase to the Orcish Mines.
 11809 | D:9      | Reached ** piety under Sif Muna
 12013 | D:9      | Reached skill level 7 in Earth Magic
 12470 | Orc:1    | Entered Level 1 of the Orcish Mines
 12470 | Orc:1    | Noticed an orc knight
 12601 | D:10     | Entered Level 10 of the Dungeon
 12783 | D:10     | Reached skill level 5 in Invocations
 12812 | D:10     | Learned a level 4 spell: Flame Wave
 12825 | D:10     | Reached skill level 1 in Fighting
 13106 | D:10     | Got Huotycs's Compendium of Clay
 13113 | D:10     | Learned a level 5 spell: Borgnjor's Vile Clutch
 13122 | D:10     | Noticed Snorg
 13136 | D:10     | Killed Snorg
 13181 | D:10     | Reached skill level 8 in Earth Magic
 13290 | D:10     | Reached XP level 11. HP: 77/77 MP: 15/20
 13432 | D:10     | Noticed a two-headed ogre
 13440 | D:10     | Killed a two-headed ogre
 13920 | D:10     | Found a snail-covered altar of Cheibriados.
 14545 | D:1      | Bought a scroll of identify for 20 gold pieces
 14545 | D:1      | Bought a scroll of identify for 20 gold pieces
 14545 | D:1      | Bought a scroll of identify for 20 gold pieces
 14545 | D:1      | Bought a scroll of identify for 20 gold pieces
 14802 | D:10     | Learned a level 2 spell: Passwall
 14898 | D:11     | Reached skill level 9 in Earth Magic
 15317 | D:11     | Reached skill level 5 in Necromancy
 15628 | D:11     | Found a staircase to the Lair.
 15719 | D:11     | Reached skill level 10 in Earth Magic
 15851 | D:11     | Noticed a two-headed ogre
 15856 | D:11     | Killed a two-headed ogre
 16106 | D:11     | Found Xableq's Neck Hole.
 16367 | D:11     | Found a portal to a secret trove of treasure.
 16809 | Lair:1   | Entered Level 1 of the Lair of Beasts
 16862 | Lair:1   | Reached *** piety under Sif Muna
 16983 | Lair:1   | Reached skill level 1 in Long Blades
 18444 | Lair:2   | Reached skill level 11 in Earth Magic
 18444 | Lair:2   | Reached XP level 12. HP: 74/89 MP: 8/22
 19661 | Lair:2   | Noticed a five-headed hydra
 19677 | Lair:2   | Killed a five-headed hydra
 19732 | Lair:2   | Noticed an eight-headed hydra
 19776 | Lair:2   | Killed an eight-headed hydra
 20469 | Lair:2   | Found a staircase to the Swamp.
 21739 | Lair:3   | Found a staircase to the Snake Pit.
 22258 | Lair:3   | Reached skill level 5 in Fighting
 22411 | Lair:3   | You fall into a shaft and drop 2 floors!
 22411 | Lair:5   | Entered Level 5 of the Lair of Beasts
 22491 | Lair:4   | Found a dark tunnel.
 22494 | Lair:4   | Reached **** piety under Sif Muna
 22619 | Volcano  | Entered a volcano
 22791 | Volcano  | Reached skill level 12 in Earth Magic
 22807 | Volcano  | Reached XP level 13. HP: 102/102 MP: 10/25
 23228 | Volcano  | Noticed an orb of fire
 23458 | Volcano  | Reached skill level 5 in Long Blades
 23504 | Volcano  | Noticed an orb of fire
 23901 | Lair:4   | Reached skill level 5 in Dodging
 24421 | Lair:4   | Found a viscous altar of Jiyva.
 24422 | Lair:4   | Found a staircase to the Slime Pits.
 25662 | Snake:1  | Entered Level 1 of the Snake Pit
 26375 | Lair:5   | Noticed Urug
 26382 | Lair:5   | Killed Urug
 26712 | Lair:5   | Found the +3 pair of gauntlets of War {Slay+5}
 27912 | Lair:5   | Reached skill level 13 in Earth Magic
 28153 | Lair:5   | Identified the +1 scale mail of Responsibility {rF- rC+ rN+
                  | Dex+5}
 28154 | Lair:5   | Identified the +6 sling of Disbelieving Execution {freeze,
                  | Drain rF+ Will+}
 28953 | Orc:2    | Entered Level 2 of the Orcish Mines
 28953 | Orc:2    | Found Latesics's Jewellery Shoppe.
 28961 | Orc:2    | Reached XP level 14. HP: 107/113 MP: 10/27
 28972 | Orc:2    | Mangled by an orc knight

Illustrated notes

Levels and vault maps discovered:
D:1:      onia_arrival_mini_spirals, layout_loops_ring, serial_shops, shop,
          nicolae_square_shop
D:2:      layout_basic, serial_shops, nicolae_shop_behind_doors,
          chequers_decorated_corner, hangedman_glass_teeth
D:3:      layout_rooms, hellmonk_ecumenical_altar_inner_sanctum
D:4:      layout_rooms, lemuel_crystal_altar, cheibrodos_sewer_entry_sluice,
          minmay_misc_feat_nine_boxes, uniq_natasha
D:5:      layout_rooms, minmay_checkerbox, uniq_crazy_yiuf_cottage, uniq_duvessa
D:6:      layout_basic, minmay_temple_entry_large_hall, grunt_ministairs_14,
          uniq_prince_ribbit1, uniq_maggie
D:7:      lemuel_bear_cage, layout_cave_pods, mainiacjoe_overflow_alcove_2,
          gammafunk_temple_overflow_claw, kennysheep_another_room
D:8:      layout_gridville
D:9:      layout_gridville, orc_0_dummy
D:10:     layout_gridville, lemuel_tele_altar, uniq_snorg
D:11:     layout_loops_ring, erik_lair_dragon, serial_co_window_serial,
          co_window_paths_a, co_window_paths_a, co_window_corner_a,
          co_window_of_opportunity_a, co_window_of_opportunity_a,
          co_window_corner_cb, co_window_unsneaky_path_e, co_window_corner_cb,
          co_window_corner_ca, co_window_broadway_b, glass_columns_b,
          nicolae_trove_entry_isolated, nicolae_shop_sticking_my_neck_out
Temple:   eino_temple_scatter_basement
Lair:1:   layout_regular_city, serial_bayou_ford_a, beast_lair_carwin_4,
          grunt_megastairs_1
Lair:2:   layout_hall_layers, palyth_hydra_swamp_entry, grunt_megastairs_4
Lair:3:   layout_roguey, minmay_snake_entry_spellcaster, beast_lair_carwin_7
Lair:4:   layout_loops_ring, slime_entry_1, nicolae_volcano_entry_batcave,
          infiniplex_staircase_pool, serial_bayou_shore_b
Lair:5:   evilmike_catoblepas_cave, layout_long_grid, wad_woods_river_01,
          uniq_urug
Snake:1:  layout_onion, serial_shops, nicolae_shop_waterfront, special_room,
          nicolae_shop_self_help
Orc:1:    layout_caves, abandoned_shop, uniq_erolcha
Orc:2:    st_orc_congregation, layout_caves, ebering_ghost_inner_flame,
          serial_shops, nicolae_shop_advertising_works
          [nicolae_subvault_shop_adworks], nicolae_shop_stone, shop, shop,
          nicolae_shop_waterfront

Skill      XL: |  1  2  3  4  5  6  7  8  9 10 11 12 13 14 |
---------------+-------------------------------------------+-----
Poison Magic   | 4 5 6 7 8 10 11 | 11.1
Conjurations   | 1 2 3 4 5 6 7 |  7.0
Spellcasting   | 3 4 5 6 7 8 9 |  9.0
Earth Magic    | 2 4 6 8 11 12 13 | 13.0
Invocations    | 1 4 5 6 |  6.6
Fighting       | 1 3 5 7 |  7.4
Necromancy     | 2 6 7 8 9 |  9.0
Dodging        | 2 4 6 |  6.2
Long Blades    | 2 4 6 |  6.4
Stealth        | |  1.7
Transmutations | |  1.0

Action                   |  1- 3 |  4- 6 |  7- 9 | 10-12 | 13-15 || total
-------------------------+-------+-------+-------+-------+-------++-------
Melee: Unarmed           |    11 |       |       |       |       ||    11
       Tailslap          |     5 |     5 |    21 |    20 |    23 ||    74
       Dagger            |     2 |       |       |       |       ||     2
       Short sword       |    16 |    49 |   132 |       |       ||   197
       Punch             |       |       |     4 |       |     2 ||     6
       Great sword       |       |       |     3 |   156 |    21 ||   180
       Scimitar          |       |       |       |       |    78 ||    78
Throw: Javelin           |       |       |       |       |     2 ||     2
 Cast: Sting             |    53 |    62 |    24 |    14 |     1 ||   154
       Poisonous Vapours |     2 |    42 |       |       |       ||    44
       Olgreb's Toxic Ra |       |     2 |    37 |    60 |    32 ||   131
       Mephitic Cloud    |       |     1 |     9 |     9 |     3 ||    22
       Stone Arrow       |       |       |    21 |    59 |    30 ||   110
       Sandblast         |       |       |     7 |    15 |     4 ||    26
       Borgnjor's Vile C |       |       |       |    85 |    46 ||   131
       Passwall          |       |       |       |     2 |       ||     2
       Flame Wave        |       |       |       |     5 |     8 ||    13
Invok: Channel Magic     |       |       |     1 |     6 |     2 ||     9
Evoke: Wand              |       |     1 |     3 |     1 |     1 ||     6
  Use: Scroll            |     6 |     5 |     8 |    14 |     1 ||    34
       Potion            |       |       |     1 |     3 |       ||     4
 Stab: Confused          |       |       |     2 |     1 |       ||     3
       Sleeping          |       |       |     1 |       |       ||     1
Armor: Skin              |    11 |    24 |    87 |   173 |    87 ||   382
Dodge: Dodged            |    43 |    72 |    98 |   189 |    83 ||   485
Block: Other             |       |       |    20 |    69 |    30 ||   119
       Reflection        |       |       |     3 |     1 |       ||     4
